 Dungeon Crawl Stone Soup version 0.21-a0-369-g397cdb2 (webtiles) character file.

43 4thArraOfDagon the Vexing (level 3, 0/27 HPs)
             Began as a Mummy Enchanter on Oct 15, 2017.
             Slain by a hobgoblin
             ... wielding a +0 quarterstaff
              (3 damage)
             ... on level 3 of the Dungeon.
             The game lasted 00:03:34 (839 turns).

4thArraOfDagon the Vexing (Mummy Enchanter)          Turns: 839, Time: 00:03:35

Health: 0/27       AC:  2    Str: 11    XL:     3   Next: 37%
Magic:  7/7        EV: 12    Int: 15    God:
Gold:   63         SH:  0    Dex: 12    Spells: 1/7 levels left

rFire    x . .     SeeInvis .   g - +1 dagger (venom)
rCold    + . .     Gourm    .   (no shield)
rNeg     + + +     Faith    .   b - +0 robe
rPois    ∞         Spirit   .   (no helmet)
rElec    .         Reflect  .   (no cloak)
rCorr    .         Harm     .   (no gloves)
MR       .....                  (no boots)
Stlth    ++........             (no amulet)
HPRegen  0.09/turn              (no ring)
MPRegen  0.10/turn              (no ring)

@: about to teleport
A: no food or potions, fire vulnerability, cold resistance 1, negative energy
resistance 3, torment resistance, unbreathing
a: no special abilities


You were on level 3 of the Dungeon.
You were not hungry.

You visited 1 branch of the dungeon, and saw 3 of its levels.

You collected 63 gold pieces.

Inventory:

Hand Weapons
 g - a +1 dagger of venom (weapon)
Armour
 b - a +0 robe (worn)
Wands
 i - a wand of disintegration (9/24)
Scrolls
 a - a scroll of remove curse {unknown}
 e - a scroll of enchant weapon
 f - a scroll of recharging {unknown}
Books
 c - a book of Maledictions

   Spells                             Type                      Level
   a - Corona                         Hexes                        1
   b - Ensorcelled Hibernation        Hexes/Ice                    2
   c - Confuse                        Hexes                        3
   d - Tukima's Dance                 Hexes                        3
   e - Dazzling Spray                 Conjuration/Hexes            3


   Skills:
 + Level 2.0 Fighting
 - Level 2.0 Short Blades
 - Level 1.5 Dodging
 - Level 2.4 Stealth
 - Level 2.6 Spellcasting
 - Level 2.6 Hexes


You had one spell level left.
You knew the following spells:

 Your Spells              Type           Power        Failure   Level  Hunger
a - Corona                Hex            ##.....      7%          1    N/A
b - Ensorcelled Hibernat  Hex/Ice        #.....       19%         2    N/A
c - Confuse               Hex            ##......     21%         3    N/A

Dungeon Overview and Level Annotations

Branches:
Dungeon (3/15)

Altars:
Makhleb


Innate Abilities, Weirdness & Mutations

You do not eat or drink.
Your flesh is vulnerable to fire.
You are immune to poison.
Your flesh is cold resistant. (rC+)
You are immune to negative energy. (rN+++)
You are immune to unholy pain and torment.
You can survive without breathing.


Message History

Unknown command.
The bat hits you but does no damage. The bat barely misses you.
Unknown command.
The bat hits you but does no damage. The giant cockroach barely misses you.
An adder comes into view.
The bat hits you. The bat hits you but does no damage. The bat hits you.
The orc hits you with a war axe.
The hobgoblin hits you with a quarterstaff!
* * * LOW HITPOINT WARNING * * *
A goblin comes into view. It is wielding a club.
Unknown command.
As you read the scroll of teleportation, it crumbles to dust.
You feel strangely unstable.
The ooze quivers.
The adder hisses angrily.
The bat barely misses you. The bat hits you but does no damage.
The bat closely misses you. The orc misses you.
The giant cockroach bites you but does no damage.
The hobgoblin hits you with a quarterstaff.
You die...

.......##..####
##.....#.....##
##..........$..#
.#######...............#
.......................#
....<......K...........#
g.......K..............#
.......gog.............#
.......@bS.............#
........s.............#
....S..........#.....#
.......b..###.##.#### ..
J........## ... # .
.###.[.##.## ....# .
...####....## .....# ..
#....####...# .....#
...#.##......#.# ....#


You could see an ooze, 2 adders, an orc, a giant cockroach, a hobgoblin, 2
goblins, 2 bats and 2 kobolds.

Vanquished Creatures
  An adder (D:3)
  A dart slug (D:1)
  A leopard gecko (D:3)
  An orc (D:3)
  2 giant cockroaches (D:1)
  3 goblins
  5 hobgoblins
  2 quokkas
  2 ball pythons
  2 bats
  2 frilled lizards (D:3)
  3 kobolds (D:1)
  3 rats
28 creatures vanquished.

Notes
Turn   | Place    | Note
-------+----------+-------------------------------------------
     0 | D:1      | 4thArraOfDagon the Mummy Enchanter began the quest for the Orb.
     0 | D:1      | Reached XP level 1. HP: 13/13 MP: 4/4
     0 | D:1      | win attemp!
    20 | D:1      | Reached skill level 1 in Short Blades
   304 | D:1      | Reached XP level 2. HP: 8/19 MP: 3/5
   309 | D:1      | Learned a level 2 spell: Ensorcelled Hibernation
   439 | D:1      | o
   556 | D:2      | Found a burning altar of Makhleb.
   629 | D:3      | Reached skill level 1 in Fighting
   656 | D:3      | Reached XP level 3. HP: 18/26 MP: 1/7
   661 | D:3      | Learned a level 3 spell: Confuse
   839 | D:3      | Slain by a hobgoblin

Vault maps used:
D:1:      saegor_arrival_simple_a
D:2:      grunt_dithmenos_smoke_and_mirrors, marbit_many_paths, st_stairs_9,
          uniq_robin
D:3:      nicolae_overflow_crystal_walls, first_bread

Skill      XL: |  1  2  3 |
---------------+----------+-----
Short Blades   | 1 2 |  2.0
Fighting       | 1 2 |  2.0
Dodging        | |  1.5
Stealth        | |  2.4
Spellcasting   | |  2.6
Hexes          | |  2.6

Action                   || total
-------------------------++-------
Melee: Dagger            ||    73
 Cast: Corona            ||    12
       Ensorcelled Hiber ||    10
  Use: Scroll            ||     4
 Stab: Sleeping          ||     7
Armor: Robe              ||    27
Dodge: Dodged            ||    48

Table legend:
 A = Spawn XP
 B = Non-spawn XP
 C = Spawn XP percentage of total XP
 D = Spawn monster count
 E = Non-spawn monster count
 F = Spawn count percentage of total count
 G = Total turns spent on level
                    A         B        C        D         E        F      G
               +---------+---------+-------+---------+---------+-------+---------
         Total |       0 |      62 |   0.0 |       0 |      28 |   0.0 |   839
               +---------+---------+-------+---------+---------+-------+---------
           D:1 |       0 |      20 |   0.0 |       0 |      10 |   0.0 |   491
           D:2 |       0 |       6 |   0.0 |       0 |       4 |   0.0 |   104
           D:3 |       0 |      36 |   0.0 |       0 |      14 |   0.0 |   244
               +---------+---------+-------+---------+---------+-------+---------
